 Dungeon Crawl Stone Soup version 0.30-b1-2-g02819fbbbe (webtiles) character file.

Game seed: 15996870381495527162

45962 redmage the Thaumaturge (level 15, -1/124 HPs)
             Began as a Meteoran Earth Elementalist on July 26, 2023.
             Was a High Priest of Sif Muna.
             Slain by a merfolk
             ... wielding a +0 trident
              (6 damage)
             ... on level 1 of the Shoals on July 27, 2023.
             The game lasted 01:21:27 (4775 turns).

redmage the Thaumaturge (MeEE)                      Turns: 4775, Time: 01:21:29

Health: -1/124     AC: 11    Str: 10    XL:     15   Next: 14%
Magic:  10/42      EV: 17    Int: 25    God:    Sif Muna [*****.]
Gold:   860        SH:  0    Dex: 15    Spells: 25/40 levels left

rFire   . . .        h - +5 flail (protect)
rCold   . . .        (no shield)
rNeg    . . .        F - +4 troll leather armour
rPois   .            I - +0 hat {Stlth+}
rElec   .            (no cloak)
rCorr   .            a - +0 pair of gloves
SInv    .            (no boots)
Will    +....        t - amulet of faith
Stlth   +            p - ring of magical power
HPRegen 1.20/turn    u - +5 ring of evasion
MPRegen 0.28/turn

%: faith
@: brilliant, glowing, very slow
A: sense surroundings 2, otherworldly, glowing, explore regen
a: Renounce Religion, Channel Magic, Forget Spell, Divine Exegesis


You were on level 1 of the Shoals.
You worshipped Sif Muna.
Sif Muna was extremely pleased with you.
You visited 4 branches of the dungeon, and saw 18 of its levels.

You collected 860 gold pieces.

Inventory:

Hand Weapons
 b - a +1 broad axe of flaming
 h - a +5 flail of protection (weapon)
Missiles
 c - 4 boomerangs (quivered)
 d - a throwing net
 w - a curare-tipped dart
Armour
 a - a +0 pair of gloves (worn)
 F - a +4 troll leather armour (worn)
 I - a +0 hat of stealth (worn)
Jewellery
 p - a ring of magical power (left hand)
 t - an amulet of faith (around neck)
 u - a +5 ring of evasion (right hand)
 v - a ring of resist corrosion
Wands
 e - a wand of flame (4)
 l - a wand of charming (7)
 n - a wand of roots (15)
 x - a wand of quicksilver (7)
 y - a wand of mindburst (6)
 D - a wand of polymorph (5)
 E - a wand of digging (4)
Scrolls
 k - a scroll of enchant armour
 s - a scroll of poison
 G - 2 scrolls of immolation
Potions
 i - 3 potions of mutation
 j - 2 potions of might
 m - a potion of berserk rage
 q - 3 potions of brilliance
 r - 5 potions of flight
 z - 3 potions of curing
 A - 2 potions of attraction
 B - 5 potions of haste
 H - a potion of ambrosia
Miscellaneous
 f - a phial of floods (inert)


   Skills:
 + Level 9.2 Fighting
 + Level 10.0 Armour
 - Level 2.4 Dodging
 - Level 1.4 Stealth
 + Level 13.1 Spellcasting
 - Level 10.9 Conjurations
 + Level 10.1 Transmutations
 - Level 7.0 Ice Magic
 + Level 13.1 Earth Magic
 - Level 10.0 Invocations


You had 25 spell levels left.
You knew the following spells:

 Your Spells              Type           Power      Damage    Failure   Level
a - Sandblast             Erth           100%       2d20      1%          1
b - Passwall              Tmut/Erth      70%        N/A       1%          2
c - Stone Arrow           Conj/Erth      100%       3d13      1%          3
d - Frozen Ramparts       Ice            100%       1d16      1%          3
e - Iron Shot             Conj/Erth      43%        9d8       4%          6

Your spell library contained the following spells:

 Spells                   Type           Power      Damage    Failure   Level
 Freeze                   Ice            100%       1d10      1%          1
 Kiss of Death            Conj/Necr      100%       2d13      1%          1
 Hailstorm                Conj/Ice       75%        3d15      1%          3
 Petrify                  Tmut/Erth      84%        N/A       1%          4
 Blade Hands              Tmut           39%        N/A       1%          5
 Irradiate                Conj/Tmut      40%        3d25      1%          5
 Lesser Beckoning         Tloc           48%        N/A       7%          2
 Sublimation of Blood     Necr           24%        N/A       7%          2
 Confusing Touch          Hex            24%        N/A       14%         3
 Gell's Gravitas          Tloc           24%        N/A       14%         3
 Portal Projectile        Hex/Tloc       48%        N/A       14%         3
 Teleport Other           Tloc           24%        N/A       14%         3
 Tukima's Dance           Hex            24%        N/A       14%         3
 Dispel Undead            Necr           24%        3d12      41%         4
 Conjure Ball Lightning   Conj/Air       30%        3x3d10    58%         6
 Agony                    Necr           24%        N/A       77%         5
 Fire Storm               Conj/Fire      30%        8d8       100%        9


Dungeon Overview and Level Annotations

Branches:
Dungeon (11/15) Zot: 3843  Temple (1/1) D:7 Zot: 567    Lair (5/5) D:11 Zot: 803
 Shoals (1/4) Lair:3 Zot: 540   Snake (0/4) Lair:2          Orc (0/2) D:11
  Slime: Lair:4-5

Altars:
Ashenzari
Dithmenos
Elyvilon
Kikubaaqudgha
Makhleb
Nemelex Xobeh
Ru
Sif Muna
Vehumet
Xom
Yredelemnul
Zin
The Shining One

Annotations:
D:2 Robin
D:4 1 runed translucent door, FoCKShaftsOnD1's ghost, weakling MeEE
D:5 2 transporters
D:10 Joseph
Lair:1 Amaemon
Shoals:1 Josephine


Innate Abilities, Weirdness & Mutations

You passively map the area around you.
You are easily found by Zot.
You glow in the dark.
You regain HP and MP as you explore.


Message History

* * * LOW HITPOINT WARNING * * *
The water nymph completely misses you.
You feel much better. The merfolk misses you.
The water nymph gestures at you while chanting.
The water swirls and strikes you!!
* * * LOW HITPOINT WARNING * * *
The water elemental hits you.
Your magical contamination has completely faded away.
Unknown command.
You feel much better. The merfolk closely misses you.
The water nymph gestures at you while chanting.
The water swirls and strikes you!!
* * * LOW HITPOINT WARNING * * *
The water elemental misses you.
You feel much better.
The merfolk hits you from afar with a +0 trident!
* * * LOW HITPOINT WARNING * * *
The water nymph touches you.
* * * LOW HITPOINT WARNING * * *
The water nymph drowns you!
* * * LOW HITPOINT WARNING * * *
The water elemental completely misses you.
Okay, then.
Casting: Iron Shot (dangerous; 4% risk of failure)
Confirm with . or Enter, or press ? or * to list all spells.
Okay, then.
Aim the phial where?
Press: ? - help, Shift-Dir - straight line, f/p - water nymph
Aim: a water nymph (almost dead)
The torrent of water hits the water nymph!
You kill the water nymph!
Sif Muna accepts your kill.
The wave splashes down.
Splash!
You fall into the shallow water.
Moving in this stuff is going to be slow.
You hear a shout!
You hear an angry hiss.
You hear a bleat!
You hear an angry hiss.
You hear a shout! x2; You hear a screech!
The merfolk hits you from afar with a +0 trident.
You die...

..~PPPP~~...... , , ,
, * [.~~PP~~~~~..~~.
* ,*
*.~~~~~~P≈~~~~~~~ **
, ~ , ,,
.PP~~P~~~~~~~..≈~ , ~
, P~~~≈≈~~~~~~...≈~~
, ,PPP~~~P~~~~~.... ,
~ ~~
~~PP~~P~~~~m....# ,
≈~~~~~~~~~~P$~†)..# *
* *
≈≈≈~~P~~~P~~E@~~.## ,
≈≈~~P~~PP~m......#
***, ~~
≈≈~~~.P~~~##....## ,
, ~
≈≈~~~~~~~~~>##....# ,
,~
~~~~~~..~~.....P^?.#*
, ~ ~
~~~~~~..t~~~.$...###
~ , ~~~~~..~m~~.....#
~ ~~~.~...~$~...... ~
~ ~ ≈≈~..~.##~....##
* ~


You could see a merfolk aquamancer, a merfolk and a water elemental.

Vanquished Creatures
  Gastronok (Lair:1)
  A hydra (Lair:4)
  A catoblepas (Lair:5)
  A merfolk avatar (Shoals:1)
  A boulder beetle (D:11)
  A two-headed ogre (D:9)
  Urug (Lair:5)
  A skyshark (Lair:3)
  A sea snake (Lair:3)
  4 harpies (Lair:3)
  An oklob plant (D:11)
  A faun (Shoals:1)
  3 manticores
  10 elephants
  12 cane toads
  A guardian serpent (Lair:5)
  10 black mambas
  An orange demon (Lair:1)
  2 water nymphs (Shoals:1)
  Psyche (D:8)
  Maggie (D:6)
  3 torpor snails
  7 rime drakes
  5 komodo dragons
  2 trolls
  3 hornets (Lair:5)
  4 polar bears
  Prince Ribbit (D:5)
  8 blink frogs
  A snapping turtle (Shoals:1)
  A dream sheep (Shoals:1)
  A water elemental (Shoals:1)
  Eustachio (D:6)
  2 spriggans (Lair:4)
  4 wraiths (Lair:3)
  3 basilisks
  42 yaks
  8 wyverns
  2 steam dragons (D:8)
  Edmund (D:4)
  2 redbacks (Lair:5)
  3 nagas (Lair:2)
  22 water moccasins
  3 ice beasts (D:5)
  3 orc warriors
  2 black bears
  A centaur (D:9)
  14 wolves
  4 ogres
  3 phantoms
  A kobold brigand (D:6)
  Blork the orc (D:5)
  7 bullfrogs
  A gnoll sergeant (D:10)
  3 scorpions
  A water moccasin zombie (D:5)
  13 wights
  17 killer bees (D:9)
  3 electric eels (Lair:5)
  A howler monkey (D:9)
  A bullfrog zombie (D:5)
  2 hounds (D:5)
  3 jellies
  2 orc priests
  A gnoll bouda (D:10)
  2 iguanas
  2 sleepcaps
  4 orc wizards
  10 gnolls (D:10)
  5 adders
  2 white imps
  A worm (D:5)
  2 dart slugs
  22 orcs
  10 ball pythons
  5 endoplasms
  2 giant cockroaches
  8 goblins
  8 hobgoblins
  5 kobolds (D:6)
  4 bats
  4 frilled lizards
  2 rats (D:1)
367 creatures vanquished.

Vanquished Creatures (others)
  A scorpion (D:5)
  A wight (D:8)
  2 iguanas (D:5)
  An orc wizard (D:5)
  An adder (D:5)
  3 orcs
  2 kobolds (D:6)
  15 fungi
  53 plants
79 creatures vanquished.

Grand Total: 446 creatures vanquished

Notes
Turn   | Place    | Note
-------+----------+-------------------------------------------
     0 | D:1      | redmage the Meteoran Earth Elementalist began the quest for
                  | the Orb.
     0 | D:1      | Reached XP level 1. HP: 14/14 MP: 5/5
    58 | D:1      | Reached XP level 2. HP: 20/20 MP: 3/6
    85 | D:1      | Learned a level 2 spell: Passwall
   126 | D:1      | Reached XP level 3. HP: 26/26 MP: 5/8
   196 | D:2      | Noticed Robin
   275 | D:2      | Reached XP level 4. HP: 22/33 MP: 5/10
   370 | D:3      | Learned a level 3 spell: Stone Arrow
   390 | D:4      | Reached skill level 1 in Conjurations
   475 | D:4      | Reached XP level 5. HP: 38/38 MP: 9/11
   534 | D:4      | Found a runed translucent door.
   536 | D:4      | Noticed FoCKShaftsOnD1's ghost (weakling MeEE)
   561 | D:4      | Noticed a phantom
   565 | D:4      | Killed a phantom
   566 | D:4      | Reached skill level 5 in Earth Magic
   566 | D:4      | Reached XP level 6. HP: 45/45 MP: 5/13
   567 | D:4      | Noticed Edmund
   587 | D:4      | Killed Edmund
   588 | D:4      | Reached XP level 7. HP: 44/50 MP: 0/15
   620 | D:4      | Identified the +1 flail "Jonon" {freeze, *Corrode Fly rN+
                  | Str+3}
   642 | D:5      | Entered Level 5 of the Dungeon
   642 | D:5      | Noticed Blork the orc
   647 | D:5      | Killed Blork the orc
   648 | D:5      | Reached skill level 5 in Spellcasting
   669 | D:5      | Found a shimmering altar of Xom.
   683 | D:5      | Reached skill level 5 in Conjurations
   716 | D:5      | Reached XP level 8. HP: 51/57 MP: 3/17
   807 | D:6      | Noticed Maggie
   816 | D:6      | Killed Maggie
   840 | D:6      | Found a sacrificial altar of Ru.
   847 | D:6      | Noticed Eustachio
   925 | D:5      | Gained mutation: You passively map the area around you.
                  | [Meteoran growth]
   925 | D:5      | Reached XP level 9. HP: 55/62 MP: 1/19
  1023 | D:5      | Found a transporter.
  1051 | D:5      | Found a transporter.
  1123 | D:5      | Noticed Prince Ribbit
  1130 | D:5      | Killed Prince Ribbit
  1177 | D:5      | Found a basalt altar of Yredelemnul.
  1260 | D:6      | Reached XP level 10. HP: 69/69 MP: 18/22
  1274 | D:6      | Reached skill level 10 in Conjurations
  1419 | D:6      | Killed Eustachio
  1464 | D:6      | Learned a level 3 spell: Frozen Ramparts
  1517 | D:7      | Reached skill level 1 in Ice Magic
  1527 | D:7      | Found a staircase to the Ecumenical Temple.
  1541 | Temple   | Entered the Ecumenical Temple
  1562 | Temple   | Became a worshipper of Sif Muna the Loreminder
  1630 | D:8      | Reached skill level 1 in Invocations
  1698 | D:8      | Noticed Psyche
  1708 | D:8      | Killed Psyche
  1761 | D:8      | Found an ancient bone altar of Kikubaaqudgha.
  1844 | D:9      | Reached * piety under Sif Muna
  1847 | D:9      | Reached skill level 5 in Ice Magic
  1861 | D:9      | Found a radiant altar of Vehumet.
  1876 | D:9      | Reached XP level 11. HP: 63/74 MP: 24/24
  1878 | D:9      | Reached skill level 5 in Invocations
  1885 | D:9      | Found a glowing golden altar of the Shining One.
  1949 | D:10     | Entered Level 10 of the Dungeon
  1982 | D:10     | Reached ** piety under Sif Muna
  2026 | D:10     | Found a glowing silver altar of Zin.
  2034 | D:10     | Found a shadowy altar of Dithmenos.
  2111 | D:9      | Found a sparkling altar of Nemelex Xobeh.
  2117 | D:9      | Reached skill level 1 in Armour
  2130 | D:9      | Noticed a two-headed ogre
  2138 | D:9      | Killed a two-headed ogre
  2139 | D:9      | Reached skill level 1 in Fighting
  2151 | D:9      | Found a burning altar of Makhleb.
  2227 | D:11     | Noticed a boulder beetle
  2259 | D:10     | Noticed Joseph
  2265 | D:10     | Noticed a smoke demon
  2378 | D:9      | Reached skill level 10 in Invocations
  2420 | D:9      | Found a broken altar of Ashenzari.
  2596 | D:11     | Killed a boulder beetle
  2597 | D:11     | Reached XP level 12. HP: 88/88 MP: 14/26
  2628 | D:11     | Reached *** piety under Sif Muna
  2666 | D:11     | Found a staircase to the Lair.
  2687 | Lair:1   | Entered Level 1 of the Lair of Beasts
  2749 | Lair:1   | Noticed Gastronok
  2797 | Lair:1   | Noticed Amaemon
  2957 | Lair:2   | Reached skill level 10 in Spellcasting
  2962 | Lair:2   | Reached skill level 5 in Transmutations
  2962 | Lair:2   | Reached skill level 10 in Earth Magic
  3006 | Lair:3   | Reached skill level 5 in Armour
  3046 | Lair:3   | Reached skill level 5 in Fighting
  3178 | Lair:3   | Reached **** piety under Sif Muna
  3179 | Lair:3   | Reached XP level 13. HP: 100/100 MP: 28/28
  3219 | Lair:4   | You fall into a shaft and drop 1 floor!
  3219 | Lair:5   | Entered Level 5 of the Lair of Beasts
  3239 | Lair:5   | Noticed Urug
  3246 | Lair:5   | Killed Urug
  3430 | Lair:4   | Noticed a seven-headed hydra
  3437 | Lair:4   | Killed a seven-headed hydra
  3774 | Lair:5   | Noticed a boulder beetle
  3778 | Lair:5   | Reached ***** piety under Sif Muna
  3785 | Lair:5   | Noticed a catoblepas
  3801 | Lair:5   | Killed a catoblepas
  3802 | Lair:5   | Reached XP level 14. HP: 84/113 MP: 14/30
  3931 | Lair:5   | Received a gift from Sif Muna
  3938 | Lair:5   | Got Sif Muna's Catalogue of Deathly Outbursts {god gift}
  4017 | Lair:5   | Learned a level 6 spell: Iron Shot
  4035 | Lair:5   | Paralysed by a hornet for 1 turns
  4429 | Lair:1   | Killed Gastronok
  4482 | Lair:2   | Found a staircase to the Snake Pit.
  4581 | Lair:3   | Found a staircase to the Shoals.
  4586 | Shoals:1 | Entered Level 1 of the Shoals
  4656 | Shoals:1 | Noticed Josephine
  4662 | Lair:3   | Reached XP level 15. HP: 85/124 MP: 22/32
  4741 | Shoals:1 | Reached skill level 10 in Transmutations
  4761 | Shoals:1 | HP: 6/124 [snapping turtle (13)]
  4768 | Shoals:1 | Reached skill level 10 in Armour
  4774 | Shoals:1 | HP: 4/124 [drowned by a water nymph (12)]
  4775 | Shoals:1 | Slain by a merfolk

Illustrated notes

Levels and vault maps discovered:
D:1:      dpeg_arrival_arbitrary_a, layout_basic, minmay_tromino_i4
D:2:      layout_rooms, uniq_robin
D:3:      kennysheep_six_static_rooms, layout_loops_ring,
          mainiacjoe_overflow_six_doors_small, general_overflow_altar,
          hellmonk_ecumenical_altar_zigzags, chequers_arboretum,
          serial_bayou_ford_a, uniq_sigmund
D:4:      layout_rooms, ebering_ghost_sewer_f, dk_rats_in_the_wall, uniq_edmund
D:5:      minmay_angry_zag, layout_loops_ring, xom_confusion_cloud,
          lemuel_zombie_altar_yredelemnul, gammafunk_ghost_abyssal_escape,
          kennysheep_generic_room_3, uniq_blork_the_orc, uniq_prince_ribbit1
D:6:      layout_rooms, nicolae_ru_sacrificial_ziggurat, uniq_eustachio,
          uniq_maggie
D:7:      layout_basic, temple_pool_b
D:8:      layout_cave_pools, grunt_temple_overflow_forces_of_nature,
          mainiacjoe_overflow_brackets, uniq_psyche
D:9:      layout_basic, mainiacjoe_overflow_chevrons,
          ashenzari_conservatory_becter, mainiacjoe_overflow_alcove_4,
          mainiacjoe_overflow_concentric_impassable, kennysheep_diamond
D:10:     layout_loops_corners, mainiacjoe_overflow_catwalk_spiral, uniq_joseph
D:11:     layout_gridville, dpeg_oklobed_lair, david_orc_3
Temple:   hellmonk_temple_flake
Lair:1:   layout_misc_corridors, chequers_serial_rivers_small_3,
          columned_hall_lemuel, lemuel_fruit_tree, serial_bayou_shore_b,
          uniq_amaemon, uniq_gastronok
Lair:2:   layout_hall_layers, guppyfry_snake_entry_island
Lair:3:   layout_long_grid, elwin_shoals_entry_rooms, forest_entry_grove,
          grunt_megastairs_5, serial_bayou_shore_a
Lair:4:   layout_cave_pods
Lair:5:   hangedman_lair_tendril_chambers, layout_cave_shapes,
          dpeg_slime_entry_enclosed, pdpol_lair_cavern_descent, uniq_urug
Shoals:1: layout_shoals, nicolae_shop_clearance, uniq_josephine

Skill      XL: |  1  2  3  4  5  6  7  8  9 10 11 12 13 14 15 |
---------------+----------------------------------------------+-----
Spellcasting   | 3 4 5 6 7 8 9 10 11 12 13 | 13.1
Earth Magic    | 4 5 6 7 8 9 10 11 12 13 | 13.1
Transmutations | 2 3 5 8 9 10 | 10.1
Conjurations   | 1 3 4 5 7 9 10 | 10.9
Ice Magic      | 5 7 |  7.0
Invocations    | 4 10 | 10.0
Armour         | 2 5 8 9 10 | 10.0
Fighting       | 2 5 7 9 |  9.2
Dodging        | |  2.4
Stealth        | |  1.4

Action                     |  1- 3 |  4- 6 |  7- 9 | 10-12 | 13-15 || total
---------------------------+-------+-------+-------+-------+-------++-------
  Melee: Unarmed           |     1 |       |       |       |       ||     1
         Flail             |       |       |     6 |    38 |    27 ||    71
         Punch             |       |       |       |     1 |       ||     1
  Throw: Javelin           |       |       |       |       |     6 ||     6
   Cast: Sandblast         |    44 |    30 |    26 |   103 |    85 ||   288
         Passwall          |       |     1 |     6 |    25 |    26 ||    58
         Stone Arrow       |       |     8 |    61 |   131 |   148 ||   348
         Frozen Ramparts   |       |       |       |    27 |    31 ||    58
         Iron Shot         |       |       |       |       |    29 ||    29
 Invoke: Channel Magic     |       |       |       |       |     1 ||     1
  Evoke: Phial of floods   |       |       |       |       |     1 ||     1
    Use: Scroll            |       |     5 |     3 |    19 |     6 ||    33
         Potion            |       |       |     1 |       |     9 ||    10
   Stab: Petrified         |       |       |       |       |     1 ||     1
 Armour: Robe              |     7 |     2 |     1 |       |       ||    10
         Acid dragon scale |       |       |    29 |    13 |       ||    42
         Skin              |       |       |       |     9 |       ||     9
         Troll leather arm |       |       |       |    41 |   115 ||   156
  Dodge: Dodged            |    20 |     5 |    32 |   148 |   281 ||   486
